cohdb
Replays
Latest Replays
All Replays
Popular Replays
Top Player Replays
Match Explorer
How It Works
Community
CoH3 Stats
Reddit
Sign in to upload your games and track your stats! →
Sign in with Steam
Match 42010947
Unlisted
Match 42010947
Overview
Messages
Build Orders
End
Pioneer Squad
Construct Infanterie Kompanie
Kettenkrad Recon Vehicle
Selects Breakthrough Battlegroup
Grenadier Squad
Selects Assault Grenadiers
Grenadier Squad
Medical Station
Construct Panzergrenadier Kompanie
Grenadier Squad
251 Medium Carrier
Selects Smoke Bombing Run
Panzergrenadier Squad
Borry
XuZhongwei
0
0
Comments
sign in to comment!
No comments posted yet!